 Dungeon Crawl Stone Soup version 0.21-a0-338-g36cf2fc (webtiles) character file.

504 Amnesiac the Charmwright (level 7, 0/56 HPs)
             Began as a Gnoll Skald on Oct 3, 2017.
             Was an Initiate of Ashenzari.
             Slain by a fire bat (4 damage)
             ... on level 4 of the Dungeon.
             The game lasted 00:04:45 (2754 turns).

Amnesiac the Charmwright (Gnoll Skald)              Turns: 2754, Time: 00:04:46

Health: 0/56       AC:  3    Str: 15    XL:     7   Next: 17%
Magic:  11/15      EV: 14    Int: 15    God:    Ashenzari [......]
Gold:   168        SH:  0    Dex: 15    Spells: 10/17 levels left

rFire    + . .     SeeInvis .   a - +0 spear
rCold    + . .     Gourm    .   (no shield)
rNeg     . . .     Faith    .   b - +0 leather armour
rPois    +         Spirit   .   (no helmet)
rElec    +         Reflect  .   (no cloak)
rCorr    +         Harm     .   (no gloves)
MR       .....                  (no boots)
Stlth    ++........             o - amulet of rage (curse)
HPRegen  0.18/turn              p - -3 ring of slaying (curse)
MPRegen  0.14/turn              (no ring)

@: resistant, infused
A: distributed training, fangs 1, strong nose
a: Curse Item, Renounce Religion, Evoke Berserk Rage


You were on level 4 of the Dungeon.
You worshipped Ashenzari.
Ashenzari was noncommittal.
You were not hungry.

You visited 2 branches of the dungeon, and saw 5 of its levels.

You collected 168 gold pieces.

Inventory:

Hand Weapons
 a - a +0 spear (weapon)
Armour
 b - a +0 leather armour (worn)
Jewellery
 o - a cursed amulet of rage (around neck)
 p - a cursed -3 ring of slaying (left hand)
Scrolls
 f - 3 scrolls of recharging {!r, unknown}
 g - 2 scrolls of teleportation {!r, unknown}
 h - 4 scrolls of identify {!r, unknown}
 j - a scroll of enchant armour {!r, unknown}
 l - 2 scrolls of remove curse {!r}
 n - a scroll of enchant weapon {!r, unknown}
 q - 2 scrolls of noise {!r, unknown}
 s - a scroll of magic mapping {!r, unknown}
Potions
 e - 2 potions of lignification {!q, unknown}
 k - 2 potions of curing {!q}
 m - a potion of flight {!q, unknown}
 t - a potion of agility {!q, unknown}
 w - a potion of might {!q, unknown}
Books
 c - a book of Battle

   Spells                             Type                      Level
   a - Infusion                       Charms                       1
   b - Shroud of Golubria             Charms/Translocation         2
   c - Song of Slaying                Charms                       2
   d - Spectral Weapon                Hexes/Charms                 3
   e - Regeneration                   Charms/Necromancy            3
Comestibles
 d - 2 bread rations
 i - a royal jelly
 r - 4 fruits
 v - a meat ration


   Skills:
 + Level 5.1 Fighting
 + Level 2.2 Short Blades
 + Level 2.2 Long Blades
 + Level 2.2 Axes
 + Level 2.2 Maces & Flails
 + Level 5.1 Polearms
 + Level 2.2 Staves
 + Level 2.2 Slings
 + Level 2.2 Bows
 + Level 2.2 Crossbows
 + Level 2.2 Throwing
 + Level 3.4 Armour
 + Level 5.1 Dodging
 + Level 2.2 Stealth
   Level 0.0 Stabbing
 + Level 2.2 Shields
   Level 0.0 Traps
 + Level 2.2 Unarmed Combat
 + Level 5.5 Spellcasting
 + Level 2.2 Conjurations
 + Level 2.2 Hexes
 + Level 6.9 Charms
 + Level 2.2 Summonings
 + Level 2.2 Necromancy
 + Level 2.2 Translocations
 + Level 2.2 Transmutations
 + Level 2.2 Fire Magic
 + Level 2.2 Ice Magic
 + Level 2.2 Air Magic
 + Level 2.2 Earth Magic
 + Level 2.2 Poison Magic
 + Level 2.2 Invocations
 + Level 2.2 Evocations


You had 10 spell levels left.
You knew the following spells:

 Your Spells              Type           Power        Failure   Level  Hunger
a - Infusion              Chrm           ####         1%          1    None
c - Spectral Weapon       Hex/Chrm       ###.....     9%          3    ###....
r - Regeneration          Chrm/Necr      ###.......   9%          3    ###....


Dungeon Overview and Level Annotations

Branches:
Dungeon (4/15)             Temple (1/1) D:4

Altars:
Ashenzari
Dithmenos
Elyvilon
Gozag
Kikubaaqudgha
Nemelex Xobeh
Okawaru
Ru
Sif Muna
Trog
Uskayaw
Vehumet
Wu Jian
Xom
Zin

Annotations:
D:4 1 transporter


Innate Abilities, Weirdness & Mutations

Your experience applies equally to all skills.
You have very sharp teeth.
Your uncanny sense of smell can sniff out nearby items.


Message History

You see here 26 sling bullets.
There is an open door here.
There is an open door here.
There is a transporter here.
You enter the transporter and appear at another place.
u - a potion of resistance {!q}
There are no items here.
You open the gate. 2 fire bats come into view.
Attack whom?
Press: ? - help, Dir - move target cursor, f - fire bat
Aim: a fire bat (flame, resting)
You reach to attack!
The helpless fire bat fails to defend itself.
You hit the fire bat.
The fire bat is lightly wounded.
The fire bat bites you.
You are engulfed in flames!
The fire bat bites you.
You are engulfed in flames!
Really quaff
u - a potion of resistance {!q}?
You feel protected. The fire bat bites you.
You are engulfed in flames.
You resist.
* * * LOW HITPOINT WARNING * * *
The fire bat bites you.
* * * LOW HITPOINT WARNING * * *
You are engulfed in flames.
You resist.
* * * LOW HITPOINT WARNING * * *
Casting: Spectral Weapon
Confirm with . or Enter, or press ? or * to list all spells.
You don't know that spell.
Unknown command.
There isn't anything here!
There's a creature in the gateway!
The fire bat bites you.
* * * LOW HITPOINT WARNING * * *
You are engulfed in flames.
You resist.
* * * LOW HITPOINT WARNING * * *
The fire bat closely misses you.
Casting: Spectral Weapon
Confirm with . or Enter, or press ? or * to list all spells.
You begin infusing your attacks with magical energy.
The fire bat closely misses you. The fire bat misses you.
The fire bat bites you.
* * * LOW HITPOINT WARNING * * *
You are engulfed in flames.
You resist.
* * * LOW HITPOINT WARNING * * *
The fire bat misses you. The fire bat closely misses you.
Casting: Infusion
Confirm with . or Enter, or press ? or * to list all spells.
You draw out your weapon's spirit!
The fire bat bites you but does no damage. x2
The fire bat bites you.
* * * LOW HITPOINT WARNING * * *
You are engulfed in flames.
You resist.
* * * LOW HITPOINT WARNING * * *
The fire bat barely misses you.
Unknown command.
Really quaff
k - 3 amethyst potions {!q}?
It was a potion of curing {!q}.
You feel better. The fire bat barely misses you. The fire bat bites you.
* * * LOW HITPOINT WARNING * * *
You are engulfed in flames.
You resist.
* * * LOW HITPOINT WARNING * * *
The fire bat bites you.
You die...

#.....#§§§?©?§§§# ##.#.####
#.....#§§§$$$§§§# #.#.#..#
#.....#§§§...§§§# #.#.#..#
##'####§§§§§§§§§# #.#.#.<#
#.# §§.§..§ #...##.#
#.#######§§§### ##[....#
#.....#§§.(.§§# #.#####
#####.#§§#b#§§#######..# ##
#.#§§b@.§§#........###.
#.#§§#b#§§#.........##.
#.#§§§§§§§#.........##.
#######.#§§§§§§§#..........#.
#.......##################.#.
#.#.......#.©..# #.#.
#.##...........# #.#.
#.##.#.###...### #...
#......# ##### ##.#


You could see 3 fire bats and a friendly spectral spear.

Vanquished Creatures
  An ogre (D:4)
  A howler monkey (D:4)
  An orc priest (D:4)
  2 jellies (D:3)
  An orc wizard (D:4)
  Jessica (D:3)
  An iguana (D:4)
  6 adders
  10 oozes
  4 worms
  A dart slug (D:3)
  3 leopard geckos
  10 orcs
  A giant cockroach (D:1)
  10 goblins
  7 hobgoblins
  10 jackals
  12 kobolds
  3 quokkas
  7 bats
  2 frilled lizards
  2 rats
96 creatures vanquished.

Vanquished Creatures (others)
  A fungus (D:3)
  A spectral weapon (D:3)
  13 toadstools (D:3)
15 creatures vanquished.

Grand Total: 111 creatures vanquished

Notes
Turn   | Place    | Note
-------+----------+-------------------------------------------
     0 | D:1      | Amnesiac the Gnoll Skald began the quest for the Orb.
     0 | D:1      | Reached XP level 1. HP: 20/20 MP: 6/6
    73 | D:1      | Reached XP level 2. HP: 26/26 MP: 0/7
   459 | D:1      | Reached XP level 3. HP: 29/31 MP: 1/9
   462 | D:1      | Reached skill level 5 in Spellcasting
   467 | D:1      | Learned a level 3 spell: Spectral Weapon
   800 | D:2      | Reached skill level 1 in Short Blades
   800 | D:2      | Reached skill level 1 in Long Blades
   800 | D:2      | Reached skill level 1 in Axes
   800 | D:2      | Reached skill level 1 in Maces & Flails
   800 | D:2      | Reached skill level 1 in Staves
   800 | D:2      | Reached skill level 1 in Slings
   800 | D:2      | Reached skill level 1 in Bows
   800 | D:2      | Reached skill level 1 in Crossbows
   800 | D:2      | Reached skill level 1 in Throwing
   800 | D:2      | Reached skill level 1 in Stealth
   800 | D:2      | Reached skill level 1 in Shields
   800 | D:2      | Reached skill level 1 in Unarmed Combat
   800 | D:2      | Reached skill level 1 in Conjurations
   800 | D:2      | Reached skill level 1 in Hexes
   800 | D:2      | Reached skill level 1 in Summonings
   800 | D:2      | Reached skill level 1 in Necromancy
   800 | D:2      | Reached skill level 1 in Translocations
   800 | D:2      | Reached skill level 1 in Transmutations
   800 | D:2      | Reached skill level 1 in Fire Magic
   800 | D:2      | Reached skill level 1 in Ice Magic
   800 | D:2      | Reached skill level 1 in Air Magic
   800 | D:2      | Reached skill level 1 in Earth Magic
   800 | D:2      | Reached skill level 1 in Poison Magic
   800 | D:2      | Reached skill level 1 in Invocations
   800 | D:2      | Reached skill level 1 in Evocations
   800 | D:2      | Reached XP level 4. HP: 37/38 MP: 0/11
   805 | D:2      | Learned a level 3 spell: Regeneration
  1268 | D:3      | Found an opulent altar of Gozag.
  1268 | D:3      | Found a faded altar of an unknown god.
  1300 | D:3      | Found a shadowy altar of Dithmenos.
  1302 | D:3      | Found a sparkling altar of Nemelex Xobeh.
  1304 | D:3      | Found a faded altar of an unknown god.
  1368 | D:3      | Noticed Jessica
  1374 | D:3      | Killed Jessica
  1374 | D:3      | Reached XP level 5. HP: 29/43 MP: 0/12
  1788 | D:3      | Reached XP level 6. HP: 13/50 MP: 0/13
  2107 | D:4      | Found a staircase to the Ecumenical Temple.
  2110 | Temple   | Entered the Ecumenical Temple
  2145 | Temple   | Became a worshipper of Ashenzari the Shackled
  2234 | D:4      | Found a transporter.
  2304 | D:4      | Noticed a fire bat
  2305 | D:4      | Found a transporter.
  2380 | D:4      | Reached skill level 5 in Fighting
  2380 | D:4      | Reached skill level 5 in Polearms
  2380 | D:4      | Reached skill level 5 in Dodging
  2539 | D:4      | Reached XP level 7. HP: 38/56 MP: 4/15
  2747 | D:4      | Noticed a fire bat
  2747 | D:4      | Noticed a fire bat
  2753 | D:4      | HP: 1/56 [fire bat (2)]
  2754 | D:4      | Slain by a fire bat

Vault maps used:
D:1:      lightli_arrival_noodles
D:3:      cheibrodos_fertilizer, chequers_temple_overflow_minitemple,
          corner_web_ring, grunt_ministairs_14, kennysheep_generic_room_11,
          uniq_jessica
D:4:      gammafunk_cloud_chamber, minmay_temple_entry_enclosed_plants
Temple:   cyrus_circular_temple

Skill      XL: |  1  2  3  4  5  6 |
---------------+-------------------+-----
Spellcasting   | 5 |  5.5
Short Blades   | 1 2 |  2.2
Long Blades    | 1 2 |  2.2
Axes           | 1 2 |  2.2
Maces & Flails | 1 2 |  2.2
Staves         | 1 2 |  2.2
Slings         | 1 2 |  2.2
Bows           | 1 2 |  2.2
Crossbows      | 1 2 |  2.2
Throwing       | 1 2 |  2.2
Stealth        | 1 2 |  2.2
Shields        | 1 2 |  2.2
Unarmed Combat | 1 2 |  2.2
Conjurations   | 1 2 |  2.2
Hexes          | 1 2 |  2.2
Summonings     | 1 2 |  2.2
Necromancy     | 1 2 |  2.2
Translocations | 1 2 |  2.2
Transmutations | 1 2 |  2.2
Fire Magic     | 1 2 |  2.2
Ice Magic      | 1 2 |  2.2
Air Magic      | 1 2 |  2.2
Earth Magic    | 1 2 |  2.2
Poison Magic   | 1 2 |  2.2
Invocations    | 1 2 |  2.2
Evocations     | 1 2 |  2.2
Armour         | 3 |  3.4
Fighting       | 5 |  5.1
Polearms       | 5 |  5.1
Dodging        | 5 |  5.1
Charms         | |  6.9

Action                   |  1- 3 |  4- 6 |  7- 9 || total
-------------------------+-------+-------+-------++-------
Melee: Spear             |    86 |   161 |    10 ||   257
       Bite              |     3 |     8 |       ||    11
       Punch             |       |     1 |       ||     1
 Cast: Infusion          |    10 |    23 |     2 ||    35
       Spectral Weapon   |     4 |    19 |     2 ||    25
Invok: Curse Item        |       |     1 |       ||     1
  Use: Potion            |       |       |     2 ||     2
 Stab: Sleeping          |     1 |     3 |     1 ||     5
  Eat: Chunk             |       |     7 |     1 ||     8
Armor: Leather armour    |    15 |    18 |     3 ||    36
Dodge: Dodged            |    50 |    70 |     8 ||   128

Table legend:
 A = Spawn XP
 B = Non-spawn XP
 C = Spawn XP percentage of total XP
 D = Spawn monster count
 E = Non-spawn monster count
 F = Spawn count percentage of total count
 G = Total turns spent on level
                    A         B        C        D         E        F      G
               +---------+---------+-------+---------+---------+-------+---------
         Total |       0 |     721 |   0.0 |       0 |      96 |   0.0 |  2754
               +---------+---------+-------+---------+---------+-------+---------
           D:1 |       0 |      39 |   0.0 |       0 |      22 |   0.0 |   572
           D:2 |       0 |      64 |   0.0 |       0 |      14 |   0.0 |   633
           D:3 |       0 |     269 |   0.0 |       0 |      46 |   0.0 |   902
           D:4 |       0 |     349 |   0.0 |       0 |      14 |   0.0 |   596
               +---------+---------+-------+---------+---------+-------+---------
